 Dungeon Crawl Stone Soup version 0.31.0-12-g77e489cdc1 (webtiles) character file.

Game seed: 15771278162315013380

163 Doomgape the Covered (level 5, -4/33 HPs)
             Began as a Gargoyle Fighter on Mar 4, 2024.
             Slain by nitefall's ghost (10 damage)
             ... on level 3 of the Dungeon.
             The game lasted 00:06:39 (2391 turns).

Doomgape the Covered (Gargoyle Fighter)             Turns: 2391, Time: 00:06:39

Health: -4/33      AC: 11    Str: 21    XL:     5   Next: 44%
Magic:  0/5        EV:  9    Int:  9    God:
Gold:   164        SH:  4    Dex:  9    Spells: 4/4 levels left

rFire   . . .        h - +5 sling "Gajiaw" {drain, SInv}
rCold   . . .        c - +0 buckler
rNeg    + . .        b - +0 scale mail
rPois   ∞            (no helmet)
rElec   +            (no cloak)
rCorr   .            (no gloves)
SInv    +            (no boots)
Will    .....        g - amulet of guardian spirit Stlth
                     (no ring)
HPRegen 0.25/turn    (no ring)
MPRegen 0.09/turn

%: guardian spirit
@: no status effects
A: sickness immunity, AC +4, negative energy resistance 1, electricity
resistance, torment resistance 1, petrification resistance
a: no special abilities


You were on level 3 of the Dungeon.
You visited 1 branch of the dungeon, and saw 3 of its levels.

You collected 164 gold pieces.

Inventory:

Hand Weapons
 a - a +0 flail
 h - the +5 sling "Gajiaw" (weapon) {drain, SInv}
   (You took it off a hobgoblin on level 2 of the Dungeon)

   SInv:      It lets you see invisible.
Missiles
 k - 4 javelins
Armour
 b - a +0 scale mail (worn)
 c - a +0 buckler (worn)
Jewellery
 g - an amulet of guardian spirit (around neck)
Scrolls
 e - a scroll of poison
 f - 2 scrolls of noise
 j - a scroll of identify
Potions
 d - a potion of might


   Skills:
 + Level 4.3 Fighting
 + Level 3.1 Maces & Flails
 + Level 1.3 Ranged Weapons
 + Level 4.3 Armour
 - Level 3.9 Shields


You had 4 spell levels left.
You didn't know any spells.
Your spell library contained the following spells:

 Spells                   Type           Power      Damage    Failure   Level
 Freeze                   Ice            0%         1d3       78%         1
 Frozen Ramparts          Ice            0%         1d1       98%         3
 Hailstorm                Conj/Ice       0%         3d5       98%         3
 Leda's Liquefaction      Alch/Erth      0%         N/A       100%        4
 Lee's Rapid Deconstruct  Erth           0%         3d4*      100%        5
 Bombard                  Conj/Erth      0%         9d1       100%        6


Dungeon Overview and Level Annotations

Branches:
Dungeon (3/15)

Altars:
Xom

Shops:
D:1 !=**=

Annotations:
D:3 nitefall's ghost, amateur MiFi


Innate Abilities, Weirdness & Mutations

You are immune to sickness and miasma.
Your stone body is resilient. (AC +4)
You are immune to poison.
You resist negative energy. (rN+)
You are resistant to electric shocks. (rElec)
You are resistant to unholy torment.
You are immune to petrification.


Message History

Nitefall's ghost is heavily damaged.
Nitefall's ghost hits you but does no damage.
Nitefall's ghost barely misses you.
Fire: h) +5 sling "Gajiaw" {drain, SInv}
Press: ? - help, Q - select action, (/) - cycle Shift-Dir - straight line, f/p - nitefall's ghost
Aim: nitefall's ghost (heavily damaged, 64% to hit)
You shoot a sling bullet. The sling bullet hits nitefall's ghost.
Nitefall's ghost is heavily damaged.
Nitefall's ghost hits you!
* * * LOW HITPOINT WARNING * * *
Unknown command.
Fire: h) +5 sling "Gajiaw" {drain, SInv}
Press: ? - help, Q - select action, (/) - cycle Shift-Dir - straight line, f/p - nitefall's ghost
Aim: nitefall's ghost (heavily damaged, 64% to hit)
You shoot a sling bullet.
The sling bullet hits nitefall's ghost but does no damage.
Nitefall's ghost is heavily damaged.
Nitefall's ghost closely misses you. You block nitefall's ghost's attack.
It was a potion of curing.
You feel better. Nitefall's ghost hits you!
* * * LOW HITPOINT WARNING * * *
Unknown command.
Unknown command.
You feel better. Nitefall's ghost hits you.
Unknown command.
Unknown command.
Fire: h) +5 sling "Gajiaw" {drain, SInv}
Press: ? - help, Q - select action, (/) - cycle Shift-Dir - straight line, f/p - nitefall's ghost
Aim: nitefall's ghost (heavily damaged, 64% to hit)
You shoot a sling bullet.
The sling bullet hits nitefall's ghost but does no damage.
Nitefall's ghost is heavily damaged.
Nitefall's ghost hits you.
* * * LOW HITPOINT WARNING * * *
Fire: h) +5 sling "Gajiaw" {drain, SInv}
Press: ? - help, Q - select action, (/) - cycle Shift-Dir - straight line, f/p - nitefall's ghost
Aim: nitefall's ghost (heavily damaged, 64% to hit)
You shoot a sling bullet. The sling bullet hits nitefall's ghost.
Nitefall's ghost is heavily damaged.
Nitefall's ghost hits you!
You die...

#...>....#
#.##.#####
#####.#
#.=.#.#
#.~.#.#
#.~.#.#
#.~.#.#
#.~.#.#
##'##@#
#...#W#
#.....#
##...##
#####


You could see nitefall's ghost.

Vanquished Creatures
  A black bear (D:3)
  2 adders (D:2)
  A dart slug (D:1)
  A ribbon worm (D:2)
  An orc (D:3)
  3 ball pythons
  5 endoplasms (D:1)
  2 giant cockroaches
  6 goblins
  5 hobgoblins
  5 jackals
  A quokka (D:1)
  4 bats
  4 frilled lizards
  4 kobolds
  6 rats
51 creatures vanquished.

Notes
Turn   | Place    | Note
-------+----------+-------------------------------------------
     0 | D:1      | Doomgape the Gargoyle Fighter began the quest for the Orb.
     0 | D:1      | Reached XP level 1. HP: 14/14 MP: 1/1
    29 | D:1      | Found Vacvenat's Jewellery Shoppe.
   130 | D:1      | Reached XP level 2. HP: 18/19 MP: 2/2
   144 | D:1      | Found Pasuuz's Distillery.
   303 | D:1      | Found Lod Cas's General Store.
   370 | D:1      | Found Wuegas's General Store.
   393 | D:1      | Found Mauvuhy's Jewellery Shop.
   854 | D:2      | Reached XP level 3. HP: 23/23 MP: 3/3
  1206 | D:2      | Identified the +5 sling "Gajiaw" {drain, SInv}
  1240 | D:2      | Reached XP level 4. HP: 19/29 MP: 4/4
  1835 | D:3      | Found a shimmering altar of Xom.
  1839 | D:3      | Noticed a black bear
  1848 | D:3      | Killed a black bear
  1849 | D:3      | Reached skill level 1 in Ranged Weapons
  1849 | D:3      | Reached XP level 5. HP: 29/33 MP: 3/5
  2252 | D:3      | Found a runed translucent door.
  2253 | D:3      | Noticed nitefall's ghost (amateur MiFi)
  2386 | D:3      | HP: 1/33 [nitefall's ghost (7)]
  2391 | D:3      | Slain by nitefall's ghost

Illustrated notes

Levels and vault maps discovered:
D:1:      dpeg_arrival_simpleton_c, layout_loops_ring, serial_shops,
          nicolae_shop_hallway_plus, nicolae_shop_real_fake_doors,
          nicolae_shop_window_shopping, nicolae_shop_gaudy_bauble, shop,
          serial_park_tiny_pond
D:2:      layout_basic
D:3:      layout_basic, brannock_xom_greatest_gift,
          ebering_ghost_reflecting_pool

Skill      XL: |  1  2  3  4 |
---------------+-------------+-----
Fighting       | 4 |  4.3
Maces & Flails | 3 |  3.1
Ranged Weapons | 1 |  1.3
Armour         | 4 |  4.3
Shields        | |  3.9

Action                     |  1- 3 |  4- 6 || total
---------------------------+-------+-------++-------
  Melee: Flail             |    93 |       ||    93
   Fire: Sling             |       |    55 ||    55
    Use: Scroll            |     3 |     4 ||     7
         Potion            |       |     2 ||     2
 Armour: Scale mail        |    69 |    31 ||   100
  Dodge: Dodged            |    62 |    18 ||    80
  Block: Buckler           |    34 |    12 ||    46
